 Dungeon Crawl Stone Soup version 0.29.1-15-g9cfb28693d (webtiles) character file.

Game seed: 4247793980661628899

696 nightchill the Chopper (level 7, -4/69 HPs)
             Began as a Gargoyle Fighter on Mar 13, 2023.
             Slain by an ogre
             ... wielding a +0 giant spiked club
              (20 damage)
             ... on level 4 of the Dungeon.
             The game lasted 00:08:48 (3869 turns).

nightchill the Chopper (Gargoyle Fighter)           Turns: 3869, Time: 00:08:49

Health: -4/69      AC: 23    Str: 26    XL:     7   Next: 64%
Magic:  7/7        EV:  2    Int: 16    God:
Gold:   205        SH:  4    Dex:  9    Spells: 6/6 levels left

rFire   . . .      SeeInvis .   a - +0 war axe
rCold   . . .      Faith    .   c - +0 buckler
rNeg    + . .      Spirit   .   (body armour currently unavailable)
rPois   ∞          Reflect  .   (helmet currently unavailable)
rElec   .          Harm     .   (cloak currently unavailable)
rCorr   .          Rampage  .   (gloves currently unavailable)
Will    .....      NoTele   +   (boots currently unavailable)
Stlth   +.........              (no amulet)
HPRegen 0.21/turn               k - +6 ring of intelligence
MPRegen 0.10/turn               A - +6 ring of strength

@: tree-form, marked
A: stationary, stasis, torment immunity, boosted hp, sickness immunity, AC +4,
negative energy resistance 1, (electricity resistance), torment resistance 1,
petrification resistance
a: no special abilities


You were on level 4 of the Dungeon.
You were a tree.
You visited 1 branch of the dungeon, and saw 7 of its levels.

You collected 205 gold pieces.

Inventory:

Hand Weapons
 a - a +0 war axe (weapon)
 f - a +2 whip of flaming
 m - a +0 broad axe
 o - a +0 rapier
 q - a +1 sling of freezing
Armour
 b - a +0 scale mail
 c - a +0 buckler (worn)
 w - a +2 robe of willpower (melded)
 x - a +0 helmet (melded)
Jewellery
 k - a +6 ring of intelligence (left branch)
 y - a ring of flight
 A - a +6 ring of strength (right branch)
Scrolls
 g - 2 scrolls of summoning {unknown}
 i - a scroll of amnesia {unknown}
 p - a scroll of enchant weapon {unknown}
 t - a scroll of blinking {unknown}
 u - a scroll of immolation {unknown}
 v - a scroll of poison {unknown}
 z - a scroll of magic mapping {unknown}
Potions
 d - a potion of berserk rage
 e - a potion of curing
 l - a potion of ambrosia
 r - a potion of flight
 s - a potion of invisibility


   Skills:
 + Level 6.0 Fighting
 * Level 6.3 Axes
 - Level 3.2 Armour
 - Level 3.2 Shields


You had 6 spell levels left.
You didn't know any spells.
Your spell library contained the following spells:

 Spells                   Type           Power      Damage    Failure   Level
 Wereblood                Tmut           0%         N/A       45%         2
 Call Canine Familiar     Summ           0%         N/A       69%         3
 Dazzling Flash           Conj/Hex       0%         N/A       69%         3
 Portal Projectile        Hex/Tloc       0%         N/A       69%         3
 Cause Fear               Hex            0%         N/A       97%         4
 Leda's Liquefaction      Hex/Erth       0%         N/A       97%         4
 Agony                    Necr           0%         N/A       100%        5
 Silence                  Hex/Air        0%         N/A       100%        5
 Dragon Form              Tmut           0%         N/A       100%        7
 Summon Hydra             Summ           0%         N/A       100%        7
 Dragon's Call            Summ           0%         N/A       100%        9
 Sublimation of Blood     Necr           Unusable   N/A       N/A         2

Dungeon Overview and Level Annotations

Branches:
Dungeon (7/15)
 Temple: D:4-7

Altars:
Dithmenos
Vehumet


Innate Abilities, Weirdness & Mutations

You are a tree.
Your roots penetrate the ground, keeping you stationary.
You cannot be teleported.
You are immune to unholy pain and torment.
Your maximum health is greatly increased.
Your equipment is partially melded.
You are immune to sickness and miasma.
((Your stone body is resilient. (AC +4)))
You are immune to poison.
You resist negative energy. (rN+)
((You are resistant to electric shocks. (rElec)))
You are resistant to unholy torment.
You are immune to petrification.


Message History

Found a stone staircase leading up.
There is a stone staircase leading down here.
A sourceless malevolence fills the Dungeon...
With a horrendous wail, an alarm goes off!
A sentinel's mark forms upon you.
You hear a shout!
You hear an angry hiss.
You hear a shout! x7
You hear a bark!
You hear an angry hiss.
There is a stone staircase leading up here.
You climb upwards.
The ufetubus shouts!
Something shouts, "Escape, thou impertinent kobold-kissing varlet!"
You hear a shout! x2
Found four items.
Found an escape hatch in the floor.
Found two stone staircases leading up.
There is a stone staircase leading down here.
There is a stone staircase leading up here.
The ogre hits you with a +0 giant spiked club!
You climb upwards.
The hobgoblin shouts!
The goblin shouts!
You hear a shout!
There is a stone staircase leading down here.
You barely miss the ogre. You barely miss the ogre.
The ogre closely misses you.
An orc comes into view. It is wielding a +0 club.
An orc comes into view. It is wielding a +0 whip.
You hit the ogre.
The ogre is lightly wounded.
An orc comes into view. It is wielding a +3 flail.
The ogre barely misses you.
You hit the ogre.
The ogre is lightly wounded.
The ogre hits you with a +0 giant spiked club!!
Ouch! That really hurt!
* * * LOW HITPOINT WARNING * * *
Really quaff the potion of lignification?
You turn into a tree.
Your +0 helmet melds into your body.
Your +2 robe of willpower melds into your body.
You feel less strong-willed.
Your roots penetrate the ground.
You feel better.
The ogre hits you with a +0 giant spiked club!!
You die...

### #♣#
#O# .g.
o.o##
.o...
#.....
.....#
##...##


You could see an ogre, 3 orcs and a hobgoblin.

Vanquished Creatures
  Sigmund (D:2)
  A steam dragon (D:7)
  An ice beast (D:7)
  A sky beast (D:7)
  An orc priest (D:3)
  An orc wizard (D:3)
  Robin (D:3)
  5 adders
  A white imp (D:7)
  A dart slug (D:3)
  6 orcs (D:3)
  An endoplasm (D:1)
  13 giant cockroaches
  7 hobgoblins
  7 kobolds
  5 quokkas
  3 ball pythons
  4 bats
  7 frilled lizards
  18 goblins
  4 rats
89 creatures vanquished.

Notes
Turn   | Place    | Note
-------+----------+-------------------------------------------
     0 | D:1      | nightchill the Gargoyle Fighter began the quest for the
                  | Orb.
     0 | D:1      | Reached XP level 1. HP: 14/14 MP: 1/1
   182 | D:1      | Reached XP level 2. HP: 19/19 MP: 2/2
   913 | D:1      | Reached XP level 3. HP: 21/24 MP: 3/3
   976 | D:2      | Noticed Sigmund
   992 | D:2      | Killed Sigmund
   993 | D:2      | Reached XP level 4. HP: 8/30 MP: 4/4
   993 | D:2      | Reached XP level 5. HP: 9/34 MP: 5/5
  1650 | D:2      | Reached XP level 6. HP: 33/40 MP: 6/6
  1824 | D:2      | Found a faded altar of an unknown god.
  2042 | D:3      | Reached skill level 5 in Fighting
  2541 | D:3      | Reached skill level 5 in Axes
  2661 | D:3      | Found a shadowy altar of Dithmenos.
  2961 | D:4      | Noticed Robin
  3113 | D:3      | Killed Robin
  3255 | D:4      | You fall into a shaft and drop 3 floors!
  3268 | D:7      | Noticed an ice beast
  3288 | D:7      | Killed an ice beast
  3289 | D:7      | Reached XP level 7. HP: 44/44 MP: 7/7
  3394 | D:7      | Found a radiant altar of Vehumet.
  3543 | D:7      | Noticed a steam dragon
  3559 | D:7      | Killed a steam dragon
  3859 | D:5      | Entered Level 5 of the Dungeon
  3869 | D:4      | Slain by an ogre

Illustrated notes

Levels and vault maps discovered:
D:1:      nzn_arrival_depleted_hourglass, layout_basic
D:2:      layout_basic, hellmonk_ecumenical_altar_prayer_group, uniq_sigmund
D:3:      minmay_roachtagon, layout_loops_ring, grunt_dithmenos_smoke,
          kennysheep_flooded_box, minmay_misc_feat_secret_circle,
          grunt_ministairs_3
D:4:      layout_cave_pools, mainiacjoe_overflow_surrounded_room, uniq_robin,
          uniq_grinder
D:5:      layout_rooms, bloody_makhleb, zin_purify, serial_shops, shop_statue,
          uniq_menkaure, uniq_ijyb
D:6:      layout_loops_ring, mainiacjoe_overflow_cross_hatched, serial_shops,
          nicolae_shop_hallway_plus
D:7:      layout_basic, lemuel_crystal_altar,
          minmay_temple_entry_gardened_gates, uniq_pikel

Skill      XL: |  1  2  3  4  5  6  7 |
---------------+----------------------+-----
Axes           | 2 4 5 6 |  6.3
Fighting       | 4 5 6 |  6.0
Armour         | |  3.2
Shields        | |  3.2

Action                   |  1- 3 |  4- 6 |  7- 9 || total
-------------------------+-------+-------+-------++-------
Melee: War axe           |    68 |   190 |    25 ||   283
  Use: Potion            |     1 |     1 |     2 ||     4
       Scroll            |       |     1 |     6 ||     7
Armor: Scale mail        |    41 |    68 |       ||   109
       Robe              |       |    50 |     9 ||    59
       Skin              |       |     8 |       ||     8
Dodge: Dodged            |    37 |   114 |    10 ||   161
Block: Buckler           |    14 |    35 |     6 ||    55
